 Dungeon Crawl Stone Soup version 0.29.1-2-gbd0b4ee654 (webtiles) character file.

Game seed: 7339396382953152246

130 leafyfresh the Sneak (level 5, -3/31 HPs)
             Began as an Octopode Earth Elementalist on Nov 12, 2022.
             Was a Follower of Elyvilon.
             Slain by an orc
             ... wielding a +0 flail
              (10 damage)
             ... on level 4 of the Dungeon on Nov 13, 2022.
             The game lasted 00:10:13 (3692 turns).

leafyfresh the Sneak (Octopode Earth Elementalist)  Turns: 3692, Time: 00:10:14

Health: -3/31      AC:  1    Str:  7    XL:     5   Next: 14%
Magic:  6/8        EV: 13    Int: 20    God:    Elyvilon [*.....]
Gold:   185        SH:  0    Dex: 12    Spells: 3/8 levels left

rFire   . . .      SeeInvis .   d - +0 dagger
rCold   + . .      Faith    .   (no shield)
rNeg    . . .      Spirit   .   (helmet restricted)
rPois   .          Reflect  .   g - amulet of magic regeneration
rElec   .          Harm     .   f - ring of protection from cold
rCorr   .          Rampage  .   (no ring)
Will    .....                   (no ring)
Stlth   ++++......              (no ring)
HPRegen 0.10/turn               (no ring)
MPRegen 0.51/turn               (no ring)
                                (no ring)
                                (no ring)

@: no status effects
A: almost no armour, amphibious, 8 rings, camouflage 1, gelatinous body 1,
(nimble swimmer 1), tentacles
a: Renounce Religion, Purification


You were on level 4 of the Dungeon.
You worshipped Elyvilon.
Elyvilon was aware of your devotion.
You visited 1 branch of the dungeon, and saw 4 of its levels.

You collected 185 gold pieces.

Inventory:

Hand Weapons
 d - a +0 dagger (weapon)
Jewellery
 f - a ring of protection from cold (left tentacle)
 g - an amulet of magic regeneration (around mantle)
Scrolls
 b - a scroll of blinking {unknown}
 e - a scroll of vulnerability {unknown}
 h - a scroll of immolation {unknown}
 j - a scroll of enchant weapon {unknown}
 n - a scroll of amnesia {unknown}
 o - 3 scrolls of identify {unknown}
 q - 2 scrolls of teleportation
 r - a scroll of poison {unknown}
Potions
 a - a potion of magic
 c - 2 potions of degeneration {unknown}
 i - 2 potions of flight {unknown}
 k - a potion of might {unknown}
 l - 2 potions of lignification {unknown}
 m - 2 potions of heal wounds {unknown}
 p - 2 potions of brilliance {unknown}


   Skills:
 + Level 3.2 Dodging
 + Level 4.5 Stealth
 - Level 2.0 Spellcasting
 + Level 1.4 Conjurations
 - Level 1.0 Transmutations
 + Level 1.2 Air Magic
 - Level 3.5 Earth Magic


You had 3 spell levels left.
You knew the following spells:

 Your Spells              Type           Power      Damage    Failure   Level
a - Sandblast             Erth           32%        2d9       3%          1
b - Static Discharge      Conj/Air       7%         3-4/arc   14%         2
c - Passwall              Tmut/Erth      9%         N/A       10%         2

Your spell library contained the following spells:

 Spells                   Type           Power      Damage    Failure   Level
 Stone Arrow              Conj/Erth      22%        3d8       17%         3
 Confusing Touch          Hex            2%         N/A       43%         3
 Petrify                  Tmut/Erth      11%        N/A       52%         4
 Sticky Flame             Conj/Fire      4%         2d3       75%         4
 Dispel Undead            Necr           2%         3d7       83%         4
 Yara's Violent Unravell  Hex/Tmut       2%         3d3       98%         5
 Enfeeble                 Hex            1%         N/A       100%        7


Dungeon Overview and Level Annotations

Branches:
Dungeon (4/15)
 Temple: D:4-7

Altars:
Dithmenos
Elyvilon
Xom

Shops:
D:3 (

Annotations:
D:3 Sigmund


Innate Abilities, Weirdness & Mutations

You cannot wear most types of armour.
You are amphibious.
You can wear up to eight rings at the same time.
Your skin changes colour to match your surroundings (Stealth+).
Your rubbery body absorbs attacks. (AC +1, EV +1)
((You are camouflaged when in or above water. (Stealth+)))
You have tentacles for arms and can constrict up to eight enemies at once.


Message History

Press: ? - help, Shift-Dir - straight line, f/p - orc
Aim: an orc, wielding a +0 club and wearing a +0 ring mail (84% to hit)
The blast of sand hits the orc but does no damage.
The orc hits you with a +0 club. The orc closely misses you.
Casting: Sandblast (safe; 3% risk of failure)
Confirm with . or Enter, or press ? or * to list all spells.
Aiming: Sandblast (safe; 3% risk of failure)
Press: ? - help, Shift-Dir - straight line, f/p - orc
Aim: an orc, wielding a +0 club and wearing a +0 ring mail (84% to hit)
The blast of sand hits the orc but does no damage.
The orc misses you. The orc closely misses you.
The orc hits you with a +0 club. The orc closely misses you.
Casting: Sandblast (safe; 3% risk of failure)
Confirm with . or Enter, or press ? or * to list all spells.
Aiming: Sandblast (safe; 3% risk of failure)
Press: ? - help, Shift-Dir - straight line, f/p - orc
Aim: an orc, wielding a +0 club and wearing a +0 ring mail (84% to hit)
The blast of sand hits the orc but does no damage.
The orc hits you with a +0 club.
* * * LOW HITPOINT WARNING * * *
The orc barely misses you.
Casting: Sandblast (safe; 3% risk of failure)
Confirm with . or Enter, or press ? or * to list all spells.
Aiming: Sandblast (safe; 3% risk of failure)
Press: ? - help, Shift-Dir - straight line, f/p - orc
Aim: an orc, wielding a +0 club and wearing a +0 ring mail (84% to hit)
The blast of sand hits the orc.
The orc is severely wounded.
The orc misses you. The orc barely misses you. x2
The orc hits you with a +0 flail.
* * * LOW HITPOINT WARNING * * *
Casting: Sandblast (safe; 3% risk of failure)
Confirm with . or Enter, or press ? or * to list all spells.
Aiming: Sandblast (safe; 3% risk of failure)
Press: ? - help, Shift-Dir - straight line, f/p - orc
Aim: an orc, wielding a +0 club and wearing a +0 ring mail (severely wounded, 84% to hit)
The blast of sand hits the orc but does no damage.
The orc is severely wounded.
The orc misses you. The orc hits you with a +0 flail!
You die...

...........##..#..
#................#
#....>....## ...###
...........####.?..###
.....##......##.......
......#...##........##
###.#......#....##...###
#.###.......#.##......
###.#.......#.#.@o)...#
........###+###..o......
###.#...#~~.~~#####.....
#....##~†# ~# ....
###...'.###.+ ...
#.###~.#.~# #.
#.###~~.~~# #...###'###
#####....#


You could see 2 orcs.

Vanquished Creatures
  An orc wizard (D:4)
  4 adders (D:3)
  3 dart slugs
  4 orcs
  5 ball pythons
  4 endoplasms
  A giant cockroach (D:3)
  A goblin (D:1)
  7 hobgoblins
  7 jackals (D:1)
  4 quokkas
  4 bats
  A frilled lizard (D:1)
  4 kobolds
  5 rats
55 creatures vanquished.

Notes
Turn   | Place    | Note
-------+----------+-------------------------------------------
     0 | D:1      | leafyfresh the Octopode Earth Elementalist began the quest
                  | for the Orb.
     0 | D:1      | Reached XP level 1. HP: 11/11 MP: 3/3
   147 | D:1      | Reached XP level 2. HP: 8/17 MP: 5/5
   466 | D:1      | Reached skill level 3 in Stealth
   841 | D:1      | Reached XP level 3. HP: 13/21 MP: 6/6
  1577 | D:1      | Learned a level 2 spell: Static Discharge
  1580 | D:1      | Learned a level 2 spell: Passwall
  1724 | D:2      | Found a shadowy altar of Dithmenos.
  2477 | D:3      | Reached skill level 4 in Stealth
  2514 | D:3      | Reached XP level 4. HP: 23/27 MP: 3/7
  2763 | D:3      | Found Kionuiska's Weapon Emporium.
  2781 | D:3      | Found a white marble altar of Elyvilon.
  2807 | D:3      | Became a worshipper of Elyvilon the Healer
  2824 | D:3      | Found a faded altar of an unknown god.
  2895 | D:3      | Reached skill level 1 in Conjurations
  2926 | D:3      | Noticed Sigmund
  3233 | D:3      | Found a shimmering altar of Xom.
  3532 | D:3      | Reached skill level 1 in Air Magic
  3654 | D:4      | Reached * piety under Elyvilon
  3686 | D:4      | Reached XP level 5. HP: 31/31 MP: 8/8
  3692 | D:4      | Slain by an orc

Illustrated notes

Levels and vault maps discovered:
D:1:      amcnicky_arrival_blooded_trapdoor, layout_basic
D:2:      layout_basic, basic_altar
D:3:      layout_loops_corners, mainiacjoe_overflow_six_doors_small,
          nicolae_overflow_crystal_walls, serial_shops,
          nicolae_shop_bloodbath_and_beyond, basic_ecumenical_altar,
          uniq_sigmund
D:4:      layout_rooms, old_standard_altar, kennysheep_generic_room_13,
          uniq_edmund

Skill      XL: |  1  2  3  4 |
---------------+-------------+-----
Stealth        | 3 4 |  4.5
Dodging        | 3 |  3.2
Conjurations   | 1 |  1.4
Air Magic      | 1 |  1.2
Spellcasting   | |  2.0
Transmutations | |  1.0
Earth Magic    | |  3.5

Action                   |  1- 3 |  4- 6 || total
-------------------------+-------+-------++-------
Melee: Unarmed           |    10 |       ||    10
       Tentacles         |    15 |     2 ||    17
       Constrict         |    15 |     3 ||    18
       Dagger            |    51 |    10 ||    61
       Punch             |     2 |       ||     2
 Cast: Sandblast         |    17 |    12 ||    29
       Static Discharge  |     4 |     4 ||     8
  Use: Scroll            |       |     1 ||     1
 Stab: Sleeping          |     7 |     5 ||    12
Armor: Skin              |     8 |       ||     8
Dodge: Dodged            |    49 |    16 ||    65
